 Dungeon Crawl Stone Soup version 0.27-a0-1136-g0b992a5a9d (webtiles) character file.

Game seed: 3765567124438707960

516 1player the Cudgeller (level 7, -7/41 HPs)
             Began as a Gargoyle Fighter on May 5, 2021.
             Killed by divine providence
             ... invoked by an orc priest
              (11 damage)
             ... on level 4 of the Dungeon.
             The game lasted 00:05:53 (3673 turns).

1player the Cudgeller (Gargoyle Fighter)            Turns: 3673, Time: 00:05:53

Health: -7/41      AC: 12    Str: 18    XL:     7   Next: 20%
Magic:  7/7        EV: 10    Int: 13    God:
Gold:   89         SH:  6    Dex:  9    Spells: 6/6 levels left

rFire    + + .     SeeInvis .   k - +4 eveningstar of the Genius {venom, rPois rF++ rN+ Str-3 Int+4}
rCold    . . .     Faith    .   l - +2 buckler {reflect}
rNeg     + + .     Spirit   .   e - +0 ring mail
rPois    ∞         Reflect  +   q - +0 helmet
rElec    +         Harm     .   (no cloak)
rCorr    .         Rampage  .   g - +0 pair of gloves
Will     .....                  (no boots)
Stlth    ..........             (no amulet)
HPRegen  0.13/turn              (no ring)
MPRegen  0.10/turn              (no ring)

@: no status effects
A: sickness immunity, AC +4, negative energy resistance 1, electricity
resistance, torment resistance 1, unbreathing 1, petrification resistance
a: no special abilities


You were on level 4 of the Dungeon.
You visited 1 branch of the dungeon, and saw 4 of its levels.

You collected 89 gold pieces.

Inventory:

Hand Weapons
 a - a +0 flail
 k - the +4 eveningstar of the Genius (weapon) {venom, rPois rF++ rN+ Str-3 Int+4}
   (You acquired it on level 2 of the Dungeon)

   It poisons the flesh of those it strikes.
   It affects your strength (-3).
   It affects your intelligence (+4).
   It greatly protects you from fire.
   It protects you from poison.
   It protects you from negative energy.
Armour
 c - a +0 kite shield
 e - a +0 ring mail (worn)
 g - a +0 pair of gloves (worn)
 l - a +2 buckler of reflection (worn)
 q - a +0 helmet (worn)
Scrolls
 f - a scroll of identify {@r1}
 h - a scroll of vulnerability
 j - a scroll of blinking {unknown}
 m - a scroll of enchant weapon {unknown}
 n - 2 scrolls of teleportation
 p - a scroll of noise {unknown}
Potions
 d - 2 potions of might
 o - 3 potions of curing {@q1}
 r - a potion of ambrosia {unknown}
 s - a potion of resistance {unknown}


   Skills:
 - Level 3.2 Fighting
 + Level 7.4 Maces & Flails
 - Level 3.2 Armour
 - Level 4.0 Shields


You had 6 spell levels left.
You didn't know any spells.
Your spell library contained the following spells:

 Spells                   Type           Power      Damage    Failure   Level
 Freeze                   Ice            0%         1d3       47%         1
 Frozen Ramparts          Ice            0%         1d2       85%         3
 Ozocubu's Armour         Ice            0%         N/A       85%         3
 Hailstorm                Conj/Ice       0%         3d3       99%         4
 Metabolic Englaciation   Hex/Ice        0%         N/A       100%        5


Dungeon Overview and Level Annotations

Branches:
Dungeon (4/15)
 Temple: D:4-7

Altars:
Makhleb
Okawaru
Sif Muna
Vehumet
Zin

Shops:
D:1 *


Innate Abilities, Weirdness & Mutations

You are immune to sickness and miasma.
Your stone body is resilient. (AC +4)
You are immune to poison.
You resist negative energy. (rN+)
You are resistant to electric shocks. (rElec)
You are resistant to unholy torment.
You can survive without breathing.
You are immune to petrification.


Message History

Pain shoots through your body!
You completely miss the orc priest.
The orc priest is severely wounded.
The orc priest misses you.
The orc priest calls upon Beogh to heal the orc priest.
The orc priest is healed somewhat.
You block the orc priest's attack.
You barely miss the orc priest.
The orc priest is heavily wounded.
The orc priest hits you but does no damage.
You sock the orc priest!
You kill the orc priest!
You puncture the orc priest!
The orc priest is poisoned.
The orc priest is heavily wounded.
The orc priest looks encouraged for a moment.
The orc priest hits you but does no damage.
You closely miss the orc priest.
The orc priest is heavily wounded.
The orc priest closely misses you.
You barely miss the orc priest.
The orc priest is severely wounded.
The orc priest hits you but does no damage.
You sock the orc priest!
You kill the orc priest!
You barely miss the orc. You block the orc's attack.
The orc priest casts a cantrip, but nothing happens.
You block the orc's attack.
You hit the orc.
The orc is almost dead.
You block the orc's attack.
You impale the orc!!
You kill the orc!
The orc hits you with a +0 mace.
You barely miss the orc.
The orc priest invokes the aid of Beogh against you.
Beogh smites you!
* * * LOW HITPOINT WARNING * * *
The orc hits you but does no damage.
The orc priest invokes the aid of Beogh against you.
Beogh smites you!
You die...

######.##.# #.##.#
#.##.# #.##.# #.##.##
#.##..# #.###.# #
#.###.#########oo..
######.>........@oooo...
.......###.#########l###
######.# #.# #.# #.#
#.###.# #.....# #####.#
#.# #..


You could see an iguana, 2 orc priests and 4 orcs.

Vanquished Creatures
  Grinder (D:3)
  A hound (D:3)
  2 orc priests (D:4)
  Natasha (twice) (D:3)
  An orc wizard (D:3)
  Robin (D:3)
  4 adders
  A worm (D:3)
  11 orcs
  4 endoplasms
  2 giant cockroaches
  9 hobgoblins
  13 jackals
  A quokka (D:1)
  5 ball pythons
  5 bats
  2 frilled lizards
  14 goblins
  A kobold (D:3)
  6 rats
86 creatures vanquished.

Notes
Turn   | Place    | Note
-------+----------+-------------------------------------------
     0 | D:1      | 1player the Gargoyle Fighter began the quest for the Orb.
     0 | D:1      | Reached XP level 1. HP: 14/14 MP: 1/1
   374 | D:1      | Reached XP level 2. HP: 19/19 MP: 2/2
   521 | D:1      | Reached skill level 3 in Maces & Flails
   539 | D:1      | Found Kelideb's Assorted Antiques.
   819 | D:1      | Found a faded altar of an unknown god.
   874 | D:2      | Identified 2 scrolls of acquirement
   874 | D:2      | Acquired the +4 eveningstar of the Genius {venom, rPois
                  | rF++ rN+ Str-3 Int+4}
   944 | D:2      | Reached XP level 3. HP: 20/23 MP: 3/3
  1027 | D:2      | Acquired a +2 buckler of reflection
  1136 | D:2      | Found a shimmering blue altar of Sif Muna.
  2305 | D:3      | Reached XP level 4. HP: 28/28 MP: 4/4
  2449 | D:3      | Reached skill level 4 in Maces & Flails
  2465 | D:3      | Found a radiant altar of Vehumet.
  2471 | D:3      | Found an iron altar of Okawaru.
  2473 | D:3      | Found a burning altar of Makhleb.
  2573 | D:3      | Reached XP level 5. HP: 29/32 MP: 5/5
  2916 | D:3      | Noticed Grinder
  2921 | D:3      | Killed Grinder
  2922 | D:3      | Reached skill level 6 in Maces & Flails
  2922 | D:3      | Reached XP level 6. HP: 28/37 MP: 6/6
  3009 | D:3      | Noticed Natasha
  3016 | D:3      | Killed Natasha
  3064 | D:3      | Found a glowing silver altar of Zin.
  3091 | D:3      | Noticed Robin
  3105 | D:3      | Killed Robin
  3529 | D:3      | Noticed Natasha
  3538 | D:3      | Killed Natasha
  3539 | D:3      | Reached skill level 7 in Maces & Flails
  3539 | D:3      | Reached XP level 7. HP: 41/41 MP: 7/7
  3673 | D:4      | Killed from afar by an orc priest

Illustrated notes

Levels and vault maps discovered:
D:1:      minmay_arrival_widening_spiral_wide, layout_loops_ring,
          shapermc_ecumenical_altar_mp_urbaneastern, serial_shops, shop
D:2:      layout_basic, basic_altar, roderic_lattice_a, amethyst_killhole,
          minmay_close_crescents
D:3:      layout_loops_corners, minitemple, general_overflow_altar,
          uniq_natasha, uniq_robin, uniq_grinder
D:4:      layout_loops_ring, gammafunk_ghost_nasty_kobolds

Skill      XL: |  1  2  3  4  5  6 |
---------------+-------------------+-----
Maces & Flails | 3 4 6 7 |  7.4
Shields        | 4 |  4.0
Fighting       | |  3.2
Armour         | |  3.2

Action                   |  1- 3 |  4- 6 |  7- 9 || total
-------------------------+-------+-------+-------++-------
Melee: Flail             |    31 |       |       ||    31
       Eveningstar       |    53 |    89 |    19 ||   161
  Use: Scroll            |     3 |     1 |     1 ||     5
Armor: Ring mail         |    53 |    23 |     7 ||    83
Dodge: Dodged            |    54 |    25 |     5 ||    84
Block: Buckler           |     4 |    14 |     4 ||    22

Table legend: (Time is in decaauts)
 A = Elapsed time spent in this place.
 B = Non-inter-level travel time spent in this place.
 C = Inter-level travel time spent in this place.
 D = Time resting spent in this place.
 E = Time spent auto-exploring this place.
 F = Levels seen in this place.
 G = Mean time per level.
                   A        B        C        D        E       F      G
               +--------+--------+--------+--------+--------+-----+--------+
         Total |   3724 |   3597 |    127 |    259 |   2773 |   4 |  931.0 |
       Dungeon |   3724 |   3597 |    127 |    259 |   2773 |   4 |  931.0 |
               +--------+--------+--------+--------+--------+-----+--------+

Top non-repeatable levels by time:
     D:2: 1432 daAuts
     D:3: 1292 daAuts
     D:1: 881 daAuts
     D:4: 118 daAuts
